2778 views
Uploaded 2020-02-08 05:53:28
Game version 1.32 / 1.32.1
28:21 long 3on3 ladder game on (8)Mur'gulOasis_LV
Saved by BEARAND
2778 views
Uploaded 2020-02-08 05:53:28
Game version 1.32 / 1.32.1
28:21 long 3on3 ladder game on (8)Mur'gulOasis_LV


50 units @ 4.3k
/ 0.2k
180 buildings @ 12.5k
/ 5.9k



| Staff of Teleportation | 3 | 450 |
| Boots of Speed | 4 | 1000 |
| Staff of Sanctuary | 2 | 500 |
| total: | 9 | 1950g |
| Wisp | 14 | 840 | / | 0 |
| total: | 14 | 840g | / | 0w |
| Ancient Protector | 7 | 945 | / | 560 |
| Altar of Elders | 1 | 180 | / | 50 |
| Moon Well | 12 | 2160 | / | 480 |
| Hunter's Hall | 1 | 210 | / | 100 |
| Ancient of War | 1 | 150 | / | 60 |
| Ancient of Wonders | 2 | 180 | / | 60 |
| Tree of Life | 1 | 340 | / | 185 |
| Tree of Ages | 1 | 320 | / | 180 |
| Tree of Eternity | 1 | 330 | / | 200 |
| total: | 25 | 4165g | / | 1495w |
| 0:01 | Wisp |
| 0:03 | Altar of Elders |
| 0:12 | Wisp |
| 0:17 | Moon Well |
| 0:19 | Wisp |
| 0:33 | Wisp |
| 0:47 | Wisp |
| 0:58 | Moon Well |
| 1:16 | Wisp |
| 1:16 | Wisp |
| 1:35 | Wisp |
| 1:59 | Wisp |
| 1:59 | Wisp |
| 2:30 | Force of Nature |
| 2:46 | Tree of Ages |
| 3:38 | Moon Well |
| 3:40 | Moon Well |
| 3:48 | Entangling Roots |
| 4:00 | Moon Well |
| 4:43 | Moon Well |
| 4:46 | Moon Well |
| 4:49 | Moon Well |
| 5:17 | Wisp |
| 5:17 | Wisp |
| 5:37 | Moon Well |
| 5:39 | Moon Well |
| 5:46 | Wisp |
| 6:35 | Entangling Roots |
| 7:04 | Soul Burn |
| 7:16 | Tree of Eternity |
| 8:11 | Staff of Teleportation |
| 8:11 | Boots of Speed |
| 8:48 | Hunter's Hall |
| 9:54 | Ancient of War |
| 10:02 | Staff of Sanctuary |
| 10:07 | Ancient of Wonders |
| 10:34 | Incinerate |
| 10:43 | Well Spring |
| 11:01 | Frost Arrows |
| 11:32 | Ancient of Wonders |
| 12:59 | Forked Lightning |
| 13:07 | Force of Nature |
| 13:12 | Ultravision |
| 13:50 | Soul Burn |
| 14:08 | Staff of Teleportation |
| 14:08 | Boots of Speed |
| 15:44 | Staff of Sanctuary |
| 15:53 | Boots of Speed |
| 16:32 | Staff of Teleportation |
| 16:59 | Frost Arrows |
| 18:04 | Tree of Life |
| 18:33 | Boots of Speed |
| 19:19 | Moon Well |
| 19:20 | Moon Well |
| 21:07 | Incinerate |
| 21:12 | Entangling Roots |
| 22:17 | Forked Lightning |
| 25:21 | Wisp |
| 26:06 | Soul Burn |
| 27:00 | Ancient Protector |
| 27:00 | Ancient Protector |
| 27:01 | Ancient Protector |
| 27:01 | Ancient Protector |
| 27:02 | Ancient Protector |
| 27:20 | Ancient Protector |
| 27:31 | Ancient Protector |
| Right click | 1216 |
| Select | 1070 |
| Select group | 585 |
| Chat | 96 |
| Use ability | 72 |
| Assign group | 67 |
| Build/train/purchase | 51 |
| Resource trade | 38 |
| Minimap ping | 13 |
| Item give/drop | 5 |



x1)
| Scroll of Regeneration | 1 | 100 |
| Staff of Sanctuary | 2 | 500 |
| Boots of Speed | 3 | 750 |
| Staff of Teleportation | 3 | 450 |
| Circlet of Nobility | 2 | 350 |
| Tome of Retraining | 1 | 300 |
| Orb of Venom | 3 | 975 |
| total: | 15 | 3425g |
| Peasant | 14 | 1050 | / | 0 |
| Priest | 2 | 270 | / | 20 |
| total: | 16 | 1320g | / | 20w |
| Scout Tower | 76 | 2280 | / | 1520 |
| Arcane Tower | 3 | 210 | / | 150 |
| Guard Tower | 24 | 1680 | / | 1200 |
| Altar of Kings | 1 | 180 | / | 50 |
| Lumber Mill | 1 | 120 | / | 0 |
| Farm | 6 | 480 | / | 120 |
| Arcane Vault | 4 | 520 | / | 120 |
| Arcane Sanctum | 1 | 150 | / | 140 |
| Keep | 1 | 320 | / | 210 |
| Castle | 1 | 360 | / | 210 |
| total: | 89 | 3730g | / | 1950w |
| 0:01 | Peasant |
| 0:02 | Altar of Kings |
| 0:03 | Peasant |
| 0:17 | Lumber Mill |
| 0:18 | Peasant |
| 0:32 | Farm |
| 0:33 | Peasant |
| 0:49 | Peasant |
| 1:00 | Scout Tower |
| 1:03 | Peasant |
| 1:18 | Peasant |
| 1:23 | Scout Tower |
| 1:26 | Arcane Tower |
| 1:31 | Peasant |
| 1:35 | Improved Masonry |
| 1:44 | Farm |
| 1:48 | Scout Tower |
| 1:49 | Peasant |
| 1:57 | Arcane Tower |
| 1:59 | Scout Tower |
| 2:01 | Scout Tower |
| 2:02 | Peasant |
| 2:05 | Storm Bolt |
| 2:14 | Guard Tower |
| 2:15 | Scout Tower |
| 2:17 | Scout Tower |
| 2:28 | Peasant |
| 2:31 | Scout Tower |
| 2:43 | Guard Tower |
| 2:52 | Peasant |
| 2:56 | Guard Tower |
| 2:57 | Scout Tower |
| 2:57 | Scout Tower |
| 3:10 | Peasant |
| 3:11 | Guard Tower |
| 3:12 | Scout Tower |
| 3:13 | Guard Tower |
| 3:27 | Peasant |
| 3:40 | Guard Tower |
| 3:42 | Scout Tower |
| 3:43 | Boots of Speed |
| 3:43 | Staff of Teleportation |
| 3:53 | Guard Tower |
| 3:54 | Scout Tower |
| 3:54 | Scout Tower |
| 3:55 | Keep |
| 4:13 | Bash |
| 4:21 | Guard Tower |
| 4:23 | Scout Tower |
| 4:24 | Scout Tower |
| 4:25 | Arcane Vault |
| 4:38 | Arcane Vault |
| 4:39 | Scout Tower |
| 4:41 | Guard Tower |
| 5:35 | Farm |
| 5:36 | Scout Tower |
| 5:52 | Guard Tower |
| 6:11 | Guard Tower |
| 6:12 | Scout Tower |
| 6:13 | Scout Tower |
| 6:14 | Storm Bolt |
| 6:27 | Guard Tower |
| 6:28 | Scout Tower |
| 6:29 | Scout Tower |
| 7:05 | Castle |
| 7:07 | Arcane Tower |
| 7:15 | Guard Tower |
| 7:16 | Scout Tower |
| 7:23 | Holy Light |
| 7:34 | Advanced Masonry |
| 8:26 | Boots of Speed |
| 8:27 | Staff of Teleportation |
| 8:43 | Arcane Sanctum |
| 9:00 | Divine Shield |
| 10:19 | Guard Tower |
| 10:21 | Scout Tower |
| 10:25 | Imbued Masonry |
| 10:30 | Farm |
| 10:32 | Farm |
| 10:37 | Scroll of Regeneration |
| 10:41 | Guard Tower |
| 10:44 | Magic Sentry |
| 10:45 | Priest Adept Training |
| 10:45 | Priest |
| 10:49 | Arcane Vault |
| 11:07 | Guard Tower |
| 11:08 | Scout Tower |
| 11:23 | Bash |
| 11:44 | Guard Tower |
| 11:46 | Scout Tower |
| 11:48 | Arcane Vault |
| 12:01 | Improved Lumber Harvesting |
| 12:37 | Banish |
| 13:03 | Advanced Lumber Harvesting |
| 13:08 | Farm |
| 13:09 | Holy Light |
| 13:16 | Guard Tower |
| 13:21 | Scout Tower |
| 13:22 | Scout Tower |
| 13:25 | Scout Tower |
| 13:25 | Scout Tower |
| 13:27 | Scout Tower |
| 14:08 | Orb of Venom |
| 14:20 | Boots of Speed |
| 14:21 | Staff of Teleportation |
| 14:21 | Circlet of Nobility |
| 15:08 | Staff of Sanctuary |
| 15:16 | Guard Tower |
| 15:17 | Scout Tower |
| 15:37 | Staff of Sanctuary |
| 16:20 | Orb of Venom |
| 17:09 | Guard Tower |
| 17:11 | Scout Tower |
| 17:11 | Scout Tower |
| 17:25 | Flame Strike |
| 18:17 | Scout Tower |
| 18:17 | Scout Tower |
| 18:18 | Scout Tower |
| 18:18 | Scout Tower |
| 18:19 | Scout Tower |
| 18:19 | Scout Tower |
| 18:20 | Scout Tower |
| 18:20 | Scout Tower |
| 18:21 | Scout Tower |
| 18:21 | Scout Tower |
| 18:22 | Scout Tower |
| 18:23 | Scout Tower |
| 18:30 | Tome of Retraining |
| 18:30 | Retrain Hero |
| 18:33 | Banish |
| 18:33 | Siphon Mana |
| 18:34 | Circlet of Nobility |
| 18:58 | Orb of Venom |
| 20:38 | Storm Bolt |
| 20:42 | Divine Shield |
| 21:12 | Siphon Mana |
| 21:14 | Guard Tower |
| 21:55 | Priest Master Training |
| 21:55 | Priest |
| 21:56 | Scout Tower |
| 21:56 | Scout Tower |
| 21:57 | Scout Tower |
| 21:58 | Scout Tower |
| 21:58 | Scout Tower |
| 21:58 | Scout Tower |
| 21:59 | Scout Tower |
| 22:00 | Scout Tower |
| 22:43 | Scout Tower |
| 22:44 | Scout Tower |
| 22:44 | Scout Tower |
| 22:44 | Scout Tower |
| 22:45 | Scout Tower |
| 22:45 | Scout Tower |
| 22:47 | Scout Tower |
| 22:47 | Scout Tower |
| 22:48 | Scout Tower |
| 22:48 | Scout Tower |
| 22:49 | Scout Tower |
| 22:49 | Scout Tower |
| 22:50 | Scout Tower |
| 22:50 | Scout Tower |
| 22:51 | Scout Tower |
| 22:51 | Scout Tower |
| 24:25 | Guard Tower |
| 24:38 | Guard Tower |
| 24:40 | Scout Tower |
| 24:40 | Scout Tower |
| 25:11 | Banish |
| 25:42 | Guard Tower |
| 25:43 | Scout Tower |
| 25:44 | Scout Tower |
| 25:45 | Scout Tower |
| 25:46 | Scout Tower |
| 27:35 | Holy Light |
| Right click | 2024 |
| Select group | 1658 |
| Assign group | 505 |
| Select | 307 |
| Use ability | 123 |
| Build/train/purchase | 119 |
| Chat | 29 |
| Misc. action | 28 |
| Resource trade | 9 |
| Item give/drop | 7 |



| Staff of Sanctuary | 3 | 750 |
| Dust of Appearance | 1 | 75 |
| Boots of Speed | 3 | 750 |
| Staff of Teleportation | 3 | 450 |
| Potion of Invisibility | 1 | 100 |
| total: | 11 | 2125g |
| Peasant | 14 | 1050 | / | 0 |
| Priest | 2 | 270 | / | 20 |
| Dragonhawk Rider | 4 | 800 | / | 120 |
| total: | 20 | 2120g | / | 140w |
| Scout Tower | 48 | 1440 | / | 960 |
| Arcane Tower | 4 | 280 | / | 200 |
| Guard Tower | 32 | 2240 | / | 1600 |
| Altar of Kings | 1 | 180 | / | 50 |
| Farm | 7 | 560 | / | 140 |
| Lumber Mill | 1 | 120 | / | 0 |
| Arcane Vault | 1 | 130 | / | 30 |
| Blacksmith | 1 | 140 | / | 60 |
| Barracks | 1 | 160 | / | 60 |
| Town Hall | 4 | 1540 | / | 820 |
| Arcane Sanctum | 1 | 150 | / | 140 |
| Gryphon Aviary | 1 | 140 | / | 150 |
| Keep | 1 | 320 | / | 210 |
| Castle | 1 | 360 | / | 210 |
| total: | 66 | 4560g | / | 2410w |
| 0:01 | Peasant |
| 0:01 | Peasant |
| 0:03 | Peasant |
| 0:11 | Altar of Kings |
| 0:18 | Farm |
| 0:23 | Peasant |
| 0:49 | Peasant |
| 0:55 | Farm |
| 0:57 | Peasant |
| 1:00 | Peasant |
| 1:04 | Lumber Mill |
| 1:10 | Peasant |
| 1:33 | Scout Tower |
| 1:44 | Peasant |
| 1:50 | Peasant |
| 1:59 | Scout Tower |
| 2:00 | Arcane Tower |
| 2:01 | Scout Tower |
| 2:11 | Blizzard |
| 2:16 | Scout Tower |
| 2:16 | Scout Tower |
| 2:16 | Scout Tower |
| 2:17 | Scout Tower |
| 2:21 | Scout Tower |
| 2:22 | Scout Tower |
| 2:24 | Peasant |
| 2:24 | Peasant |
| 2:26 | Guard Tower |
| 2:29 | Guard Tower |
| 2:41 | Peasant |
| 2:50 | Guard Tower |
| 2:51 | Scout Tower |
| 3:06 | Guard Tower |
| 3:07 | Scout Tower |
| 3:08 | Scout Tower |
| 3:22 | Guard Tower |
| 3:24 | Scout Tower |
| 3:25 | Scout Tower |
| 3:37 | Guard Tower |
| 3:39 | Peasant |
| 3:52 | Boots of Speed |
| 3:52 | Staff of Teleportation |
| 4:09 | Guard Tower |
| 4:10 | Scout Tower |
| 4:11 | Scout Tower |
| 4:40 | Keep |
| 4:43 | Guard Tower |
| 4:45 | Guard Tower |
| 5:28 | Arcane Vault |
| 5:31 | Farm |
| 5:33 | Farm |
| 5:47 | Guard Tower |
| 5:47 | Guard Tower |
| 6:03 | Scout Tower |
| 6:04 | Scout Tower |
| 6:45 | Brilliance Aura |
| 7:10 | Guard Tower |
| 7:10 | Guard Tower |
| 7:20 | Castle |
| 7:21 | Arcane Sanctum |
| 7:38 | Scout Tower |
| 7:39 | Scout Tower |
| 7:40 | Scout Tower |
| 7:41 | Scout Tower |
| 7:44 | Scout Tower |
| 7:44 | Scout Tower |
| 7:45 | Scout Tower |
| 7:57 | Storm Bolt |
| 8:14 | Improved Masonry |
| 8:15 | Arcane Tower |
| 8:37 | Magic Sentry |
| 8:38 | Farm |
| 8:38 | Guard Tower |
| 8:40 | Guard Tower |
| 9:25 | Priest |
| 9:26 | Priest |
| 9:48 | Guard Tower |
| 10:17 | Advanced Masonry |
| 10:18 | Guard Tower |
| 10:18 | Guard Tower |
| 10:20 | Gryphon Aviary |
| 10:24 | Guard Tower |
| 10:50 | Holy Light |
| 10:54 | Staff of Sanctuary |
| 11:08 | Brilliance Aura |
| 11:19 | Scout Tower |
| 11:20 | Scout Tower |
| 11:21 | Scout Tower |
| 11:35 | Staff of Teleportation |
| 11:40 | Boots of Speed |
| 12:09 | Guard Tower |
| 12:24 | Staff of Teleportation |
| 12:27 | Boots of Speed |
| 12:39 | Potion of Invisibility |
| 12:45 | Dust of Appearance |
| 13:13 | Dragonhawk Rider |
| 13:15 | Farm |
| 13:45 | Guard Tower |
| 13:55 | Dragonhawk Rider |
| 13:56 | Blacksmith |
| 14:08 | Guard Tower |
| 14:18 | Imbued Masonry |
| 14:45 | Staff of Sanctuary |
| 15:28 | Bash |
| 15:32 | Farm |
| 15:35 | Barracks |
| 16:43 | Scout Tower |
| 16:44 | Scout Tower |
| 16:44 | Scout Tower |
| 17:01 | Divine Shield |
| 17:07 | Animal War Training |
| 17:07 | Studded Leather Armor |
| 17:09 | Dragonhawk Rider |
| 17:09 | Dragonhawk Rider |
| 17:16 | Staff of Sanctuary |
| 17:56 | Guard Tower |
| 17:56 | Guard Tower |
| 17:58 | Scout Tower |
| 17:58 | Scout Tower |
| 17:59 | Scout Tower |
| 18:27 | Guard Tower |
| 18:27 | Guard Tower |
| 18:29 | Scout Tower |
| 18:30 | Guard Tower |
| 18:32 | Scout Tower |
| 19:07 | Guard Tower |
| 19:45 | Blizzard |
| 21:05 | Storm Bolt |
| 21:35 | Holy Light |
| 21:51 | Town Hall |
| 21:54 | Town Hall |
| 23:00 | Scout Tower |
| 23:00 | Scout Tower |
| 23:01 | Scout Tower |
| 23:01 | Scout Tower |
| 23:01 | Scout Tower |
| 23:01 | Scout Tower |
| 23:02 | Scout Tower |
| 23:02 | Scout Tower |
| 25:16 | Arcane Tower |
| 25:51 | Brilliance Aura |
| 26:01 | Thunder Clap |
| 26:37 | Town Hall |
| 26:39 | Town Hall |
| 26:43 | Scout Tower |
| 26:43 | Scout Tower |
| 26:44 | Scout Tower |
| 26:44 | Scout Tower |
| 26:56 | Guard Tower |
| 27:17 | Arcane Tower |
| Right click | 2848 |
| Select | 753 |
| Select group | 483 |
| Build/train/purchase | 155 |
| Chat | 105 |
| Use ability | 103 |
| Assign group | 9 |
| Minimap ping | 8 |
| Resource trade | 4 |
| Misc. action | 3 |
| Item give/drop | 2 |
| Esc | 1 |
159 units @ 25.2k
/ 4.6k
67 buildings @ 7.7k
/ 3.5k

| Scroll of Regeneration | 2 | 200 |
| total: | 2 | 200g |
| Peasant | 11 | 825 | / | 0 |
| Footman | 6 | 810 | / | 0 |
| Rifleman | 17 | 3485 | / | 510 |
| Mortar Team | 7 | 1260 | / | 490 |
| Sorceress | 2 | 310 | / | 40 |
| total: | 43 | 6690g | / | 1040w |
| Scout Tower | 12 | 360 | / | 240 |
| Guard Tower | 3 | 210 | / | 150 |
| Altar of Kings | 1 | 180 | / | 50 |
| Barracks | 1 | 160 | / | 60 |
| Farm | 12 | 960 | / | 240 |
| Blacksmith | 1 | 140 | / | 60 |
| Lumber Mill | 1 | 120 | / | 0 |
| Arcane Vault | 2 | 260 | / | 60 |
| Town Hall | 1 | 385 | / | 205 |
| Arcane Sanctum | 3 | 450 | / | 420 |
| Workshop | 2 | 280 | / | 280 |
| Keep | 1 | 320 | / | 210 |
| total: | 36 | 3295g | / | 1615w |
| 0:06 | Altar of Kings |
| 0:07 | Peasant |
| 0:07 | Peasant |
| 0:08 | Peasant |
| 0:23 | Barracks |
| 0:36 | Peasant |
| 0:36 | Peasant |
| 0:43 | Farm |
| 1:21 | Farm |
| 1:35 | Footman |
| 1:35 | Footman |
| 1:37 | Peasant |
| 2:00 | Blacksmith |
| 2:03 | Footman |
| 2:12 | Farm |
| 2:26 | Summon Water Elemental |
| 2:36 | Peasant |
| 2:36 | Peasant |
| 2:39 | Farm |
| 2:54 | Footman |
| 2:57 | Farm |
| 3:01 | Footman |
| 3:24 | Lumber Mill |
| 3:29 | Arcane Vault |
| 3:32 | Arcane Vault |
| 3:58 | Rifleman |
| 4:26 | Rifleman |
| 4:31 | Farm |
| 4:37 | Brilliance Aura |
| 4:55 | Footman |
| 4:56 | Black Gunpowder |
| 5:00 | Keep |
| 5:13 | Scroll of Regeneration |
| 5:26 | Farm |
| 5:30 | Farm |
| 5:34 | Rifleman |
| 5:36 | Refined Gunpowder |
| 6:20 | Rifleman |
| 6:20 | Rifleman |
| 6:27 | Summon Water Elemental |
| 6:39 | Iron Forged Swords |
| 6:40 | Studded Leather Armor |
| 6:44 | Scout Tower |
| 6:45 | Scout Tower |
| 6:53 | Scroll of Regeneration |
| 7:22 | Improved Lumber Harvesting |
| 7:23 | Imbued Gunpowder |
| 7:35 | Arcane Sanctum |
| 7:45 | Arcane Sanctum |
| 7:47 | Guard Tower |
| 8:18 | Rifleman |
| 8:26 | Arcane Sanctum |
| 8:50 | Rifleman |
| 9:48 | Rifleman |
| 9:49 | Rifleman |
| 9:49 | Rifleman |
| 10:21 | Workshop |
| 10:22 | Workshop |
| 10:23 | Sorceress Adept Training |
| 10:24 | Priest Adept Training |
| 10:38 | Rifleman |
| 10:50 | Scout Tower |
| 10:51 | Scout Tower |
| 10:59 | Rifleman |
| 11:26 | Mortar Team |
| 11:34 | Sorceress |
| 11:50 | Mortar Team |
| 12:26 | Guard Tower |
| 12:57 | Town Hall |
| 13:04 | Mortar Team |
| 13:49 | Mortar Team |
| 14:00 | Farm |
| 14:02 | Farm |
| 14:03 | Farm |
| 14:04 | Farm |
| 15:15 | Mortar Team |
| 15:24 | Peasant |
| 15:24 | Peasant |
| 15:25 | Peasant |
| 15:37 | Rifleman |
| 15:37 | Rifleman |
| 15:46 | Scout Tower |
| 15:48 | Scout Tower |
| 16:37 | Scout Tower |
| 16:39 | Scout Tower |
| 16:41 | Scout Tower |
| 17:36 | Scout Tower |
| 17:38 | Scout Tower |
| 17:39 | Scout Tower |
| 17:59 | Rifleman |
| 17:59 | Rifleman |
| 17:59 | Rifleman |
| 18:01 | Sorceress |
| 18:03 | Mortar Team |
| 18:03 | Mortar Team |
| 18:42 | Guard Tower |
| Right click | 646 |
| Select | 371 |
| Build/train/purchase | 78 |
| Minimap ping | 18 |
| Select group | 11 |
| Assign group | 10 |
| Item give/drop | 4 |
| Misc. action | 2 |
| Use ability | 1 |
| Remove unit | 1 |
| Esc | 1 |


| Circlet of Nobility | 1 | 175 |
| total: | 1 | 175g |
| Peasant | 11 | 825 | / | 0 |
| Footman | 3 | 405 | / | 0 |
| Rifleman | 28 | 5740 | / | 840 |
| total: | 42 | 6970g | / | 840w |
| Altar of Kings | 1 | 180 | / | 50 |
| Barracks | 1 | 160 | / | 60 |
| Farm | 9 | 720 | / | 180 |
| Blacksmith | 1 | 140 | / | 60 |
| Arcane Vault | 1 | 130 | / | 30 |
| Keep | 1 | 320 | / | 210 |
| Castle | 1 | 360 | / | 210 |
| total: | 13 | 1330g | / | 380w |
| 0:07 | Altar of Kings |
| 0:12 | Barracks |
| 0:14 | Peasant |
| 0:14 | Peasant |
| 0:14 | Peasant |
| 0:31 | Peasant |
| 0:52 | Peasant |
| 0:57 | Farm |
| 1:17 | Farm |
| 1:44 | Footman |
| 1:49 | Farm |
| 1:53 | Peasant |
| 1:54 | Peasant |
| 2:12 | Blacksmith |
| 2:19 | Footman |
| 2:25 | Peasant |
| 2:25 | Peasant |
| 2:33 | Farm |
| 2:47 | Blizzard |
| 2:50 | Footman |
| 3:42 | Black Gunpowder |
| 3:51 | Farm |
| 3:54 | Rifleman |
| 3:55 | Rifleman |
| 4:01 | Farm |
| 4:33 | Rifleman |
| 4:36 | Peasant |
| 4:36 | Peasant |
| 5:06 | Rifleman |
| 5:46 | Rifleman |
| 5:47 | Rifleman |
| 5:54 | Summon Water Elemental |
| 6:18 | Studded Leather Armor |
| 6:20 | Rifleman |
| 6:25 | Farm |
| 7:41 | Rifleman |
| 7:41 | Rifleman |
| 7:44 | Keep |
| 7:49 | Farm |
| 8:41 | Rifleman |
| 8:41 | Rifleman |
| 9:34 | Brilliance Aura |
| 10:10 | Long Rifles |
| 10:10 | Rifleman |
| 10:11 | Rifleman |
| 10:11 | Rifleman |
| 10:11 | Rifleman |
| 10:27 | Refined Gunpowder |
| 10:28 | Reinforced Leather Armor |
| 11:20 | Circlet of Nobility |
| 11:33 | Castle |
| 11:35 | Rifleman |
| 12:01 | Arcane Vault |
| 12:06 | Farm |
| 13:17 | Rifleman |
| 13:17 | Rifleman |
| 13:18 | Rifleman |
| 13:58 | Imbued Gunpowder |
| 14:00 | Dragonhide Armor |
| 15:29 | Brilliance Aura |
| 15:32 | Rifleman |
| 15:32 | Rifleman |
| 15:32 | Rifleman |
| 15:33 | Rifleman |
| 18:25 | Rifleman |
| 18:25 | Rifleman |
| 18:26 | Rifleman |
| 18:26 | Rifleman |
| 18:26 | Rifleman |
| 18:43 | Flame Strike |
| Right click | 929 |
| Select | 218 |
| Build/train/purchase | 64 |
| Use ability | 13 |
| Assign group | 3 |
| Esc | 2 |
| Select group | 1 |


| Wisp | 10 | 600 | / | 0 |
| Archer | 2 | 260 | / | 20 |
| Huntress | 8 | 1560 | / | 160 |
| Glaive Thrower | 7 | 1470 | / | 455 |
| Dryad | 12 | 1740 | / | 720 |
| Chimaera | 7 | 2310 | / | 490 |
| Flying Machine | 20 | 2000 | / | 600 |
| Rifleman | 8 | 1640 | / | 240 |
| total: | 74 | 11580g | / | 2685w |
| Moon Well | 9 | 1620 | / | 360 |
| Altar of Elders | 1 | 180 | / | 50 |
| Ancient of War | 2 | 300 | / | 120 |
| Hunter's Hall | 1 | 210 | / | 100 |
| Ancient of Lore | 1 | 155 | / | 145 |
| Chimaera Roost | 4 | 560 | / | 760 |
| Tree of Ages | 1 | 320 | / | 180 |
| Tree of Eternity | 1 | 330 | / | 200 |
| Castle | 1 | 360 | / | 210 |
| total: | 18 | 3025g | / | 1535w |
| 0:04 | Wisp |
| 0:07 | Moon Well |
| 0:18 | Altar of Elders |
| 0:23 | Ancient of War |
| 0:26 | Wisp |
| 0:38 | Wisp |
| 0:47 | Wisp |
| 0:54 | Wisp |
| 1:32 | Archer |
| 1:33 | Archer |
| 1:41 | Moon Well |
| 1:45 | Wisp |
| 2:10 | Wisp |
| 2:23 | Force of Nature |
| 2:30 | Hunter's Hall |
| 2:39 | Wisp |
| 2:40 | Wisp |
| 3:22 | Wisp |
| 3:25 | Moon Well |
| 3:30 | Moon Well |
| 3:35 | Huntress |
| 4:10 | Huntress |
| 4:11 | Huntress |
| 4:34 | Moon Well |
| 4:39 | Moon Well |
| 5:07 | Huntress |
| 5:18 | Entangling Roots |
| 5:54 | Huntress |
| 5:55 | Huntress |
| 6:16 | Glaive Thrower |
| 6:17 | Glaive Thrower |
| 7:10 | Tree of Ages |
| 7:56 | Entangling Roots |
| 8:16 | Huntress |
| 8:16 | Huntress |
| 10:11 | Strength of the Wild |
| 10:15 | Ancient of Lore |
| 10:24 | Ancient of War |
| 11:25 | Force of Nature |
| 11:32 | Abolish Magic |
| 11:45 | Glaive Thrower |
| 11:46 | Glaive Thrower |
| 11:46 | Glaive Thrower |
| 11:47 | Glaive Thrower |
| 13:10 | Vorpal Blades |
| 13:17 | Dryad |
| 13:17 | Dryad |
| 13:18 | Dryad |
| 13:18 | Dryad |
| 13:18 | Dryad |
| 13:18 | Dryad |
| 13:57 | Glaive Thrower |
| 14:05 | Trueshot Aura |
| 14:18 | Moon Well |
| 14:21 | Moon Well |
| 14:24 | Moon Well |
| 16:48 | Tree of Eternity |
| 19:17 | Chimaera Roost |
| 19:20 | Chimaera Roost |
| 20:39 | Corrosive Breath |
| 20:43 | Chimaera Roost |
| 20:47 | Chimaera Roost |
| 20:48 | Chimaera |
| 20:48 | Chimaera |
| 20:59 | Dryad |
| 20:59 | Dryad |
| 20:59 | Dryad |
| 21:00 | Dryad |
| 21:00 | Dryad |
| 21:01 | Dryad |
| 21:35 | Chimaera |
| 21:36 | Chimaera |
| 21:59 | Flying Machine |
| 21:59 | Flying Machine |
| 22:00 | Flying Machine |
| 22:00 | Flying Machine |
| 22:00 | Flying Machine |
| 22:00 | Flying Machine |
| 22:00 | Flying Machine |
| 22:00 | Flying Machine |
| 22:23 | Chimaera |
| 22:25 | Chimaera |
| 22:36 | Flying Machine |
| 22:37 | Flying Machine |
| 22:39 | Rifleman |
| 22:40 | Rifleman |
| 22:40 | Rifleman |
| 22:40 | Rifleman |
| 22:40 | Rifleman |
| 22:40 | Rifleman |
| 22:40 | Rifleman |
| 22:40 | Rifleman |
| 22:51 | Chimaera |
| 23:05 | Flying Machine |
| 23:05 | Flying Machine |
| 23:05 | Flying Machine |
| 23:05 | Flying Machine |
| 23:13 | Castle |
| 23:34 | Flak Cannons |
| 23:57 | Flying Machine |
| 23:57 | Flying Machine |
| 23:57 | Flying Machine |
| 23:58 | Flying Machine |
| 23:58 | Flying Machine |
| 23:58 | Flying Machine |
| 25:37 | Flying Machine Bombs |
| Right click | 1277 |
| Select | 383 |
| Build/train/purchase | 96 |
| Use ability | 28 |
| Remove unit | 14 |
| Minimap ping | 3 |